Map: Nightshade LE

Players

ViBE - Winner!

  • Race: Protoss Protoss
  • League: Diamond
  • Spawn Location: 5:00

GoWMasteR

  • Race: Zerg Zerg
  • League: Diamond
  • Spawn Location: 11:00

VOD

Have the link to the VOD?

Description

Time

  • Played on: Dec. 18, 2019, 9:53 p.m.
  • Length: 6:26
Show
View Real Time Build Order
Export as new Build Order

ViBE Protoss - Winner!

Build Orders: 1 Gate Expand 

Get SALT Encoding   

  12  0:01  Probe  
  13  0:13  Probe  
  14  0:28  Pylon  
  14  0:30  Probe  
  15  0:46  Probe (Chrono Boost)  
  15  0:49  Gateway  
  16  0:54  Assimilator  
  16  1:00  Probe (Chrono Boost)  
  17  1:05  Probe (Chrono Boost)  
  18  1:17  Probe  
  18  1:29  Probe  
  19  1:34  Nexus  
  19  1:41  Cybernetics Core  
  19  1:43  Probe  
  20  1:51  Pylon  
  20  2:01  Probe (Chrono Boost)  
  21  2:06  Assimilator  
  21  2:13  Probe (Chrono Boost)  
  22  2:18  Stalker  
  22  2:21  Probe (Chrono Boost)  
  25  2:27  Probe  
  26  2:38  Twilight Council  
  26  2:39  Probe  
  27  2:48  Probe, Warp Gate  
  28  2:51  Probe (Chrono Boost)  
  29  3:03  Probe (Chrono Boost)  
  31  3:05  Probe (Chrono Boost)  
  31  3:11  Charge (Chrono Boost)  
  32  3:14  Probe (Chrono Boost)  
  32  3:24  Probe x2  
  34  3:27  Gateway  
  34  3:29  Gateway  
  34  3:31  Gateway  
  34  3:39  Robotics Facility  
  34  3:50  Zealot  
  36  4:02  Pylon  
  36  4:05  Pylon  
  36  4:07  Gateway  
  36  4:08  Gateway  
  36  4:10  Gateway  
  36  4:13  Gateway  
  36  4:23  Warp Prism (Chrono Boost)  
  38  4:37  Zealot x3  
  38  4:38  Zealot  
  46  4:41  Pylon  
  46  4:43  Pylon  
  44  4:47  Pylon  
  44  4:50  Pylon  
  44  4:59  Zealot x2  
  48  5:00  Zealot x2  
  48  5:06  Zealot x3  
  58  5:22  Pylon  
  58  5:24  Pylon  
  58  5:27  Zealot x5  
  58  5:28  Zealot  
  68  5:40  Zealot x2  
  72  5:46  Zealot  
  72  5:47  Zealot x2  
  72  5:48  Zealot  
  80  5:58  Zealot  
  80  5:59  Zealot  
  80  6:00  Zealot  
  80  6:01  Zealot  
Show
View Real Time Build Order
Export as new Build Order

GoWMasteR Zerg 

Build Orders: Hatch First 

Get SALT Encoding   

  12  0:01  Drone  
  13  0:12  Drone  
  14  0:18  Overlord  
  14  0:37  Drone x3  
  17  0:59  Extractor  
  17  1:03  Hatchery  
  15  1:05  Extractor  
  15  1:07  Drone x2  
  15  1:10  Drone  
  17  1:30  Spawning Pool  
  16  1:34  Drone  
  16  1:37  Drone  
  18  1:43  Drone  
  19  1:53  Drone  
  20  2:03  Overlord  
  20  2:16  Drone x2  
  20  2:22  Hatchery  
  21  2:26  Drone  
  21  2:28  Drone  
  23  2:37  Queen  
  23  2:39  Drone  
  23  2:42  Drone  
  27  2:50  Queen  
  29  2:53  Drone  
  29  2:56  Drone  
  29  2:58  Drone  
  32  3:05  Metabolic Boost  
  32  3:06  Drone  
  32  3:08  Drone  
  32  3:10  Drone  
  35  3:19  Lair  
  35  3:20  Drone  
  35  3:25  Overlord  
  36  3:28  Spore Crawler  
  36  3:32  Spore Crawler  
  34  3:34  Drone x2  
  34  3:40  Extractor  
  35  3:44  Drone x3  
  38  3:48  Drone x2  
  38  3:49  Drone  
  38  3:53  Zergling x6  
  44  3:58  Extractor  
  44  3:59  Overlord  
  43  4:06  Zergling x6  
  43  4:07  Zergling x4  
  48  4:10  Drone  
  48  4:14  Zergling x2  
  50  4:17  Zergling x4  
  52  4:27  Hydralisk Den  
  52  4:29  Drone x3  
  54  4:53  Drone  
  54  4:54  Drone x3  
  54  4:56  Overlord x2  
  58  5:02  Muscular Augments  
  58  5:11  Overlord  
  58  5:12  Extractor  
  58  5:13  Queen x3  
  63  5:14  Overlord  
  63  5:16  Hydralisk  
  63  5:17  Hydralisk  
  53  5:40  Hydralisk  
  53  5:41  Hydralisk x3  
  48  5:49  Queen  
Tags
 
Add a new tag
Caveats
  • Supply blocks, unpowered buildings, or Contaminate may cause inaccurate times.
  • Supply counts are checked every 10 seconds.